 Dungeon Crawl Stone Soup version 0.31-a0-705-ga145531891 (webtiles) character file.

Game seed: 3169879765400460282

88 randomguy2701 the Trooper (level 4, -1/40 HPs)
             Began as a Hill Orc Fighter on Sept 9, 2023.
             Slain by Edmund
             ... wielding a +6 flail of protection
              (5 damage)
             ... on level 4 of the Dungeon.
             The game lasted 00:02:31 (2845 turns).

randomguy2701 the Trooper (Hill Orc Fighter)        Turns: 2845, Time: 00:02:31

Health: -1/40      AC: 20    Str: 24    XL:     4   Next: 53%
Magic:  4/4        EV:  4    Int:  8    God:
Gold:   182        SH:  4    Dex: 12    Spells: 3/3 levels left

rFire   . . .        a - +0 war axe
rCold   . . .        c - +0 buckler
rNeg    . . .        o - +0 crystal plate armour
rPois   .            q - +0 helmet
rElec   .            (no cloak)
rCorr   .            u - +0 pair of gloves
SInv    .            p - +0 pair of boots
Will    .....        s - amulet of faith Stlth
                     t - +6 ring of strength
HPRegen 0.26/turn    (no ring)
MPRegen 0.09/turn

%: faith
@: mighty
A: no striking features
a: no special abilities


You were on level 4 of the Dungeon.
You visited 1 branch of the dungeon, and saw 4 of its levels.

You collected 182 gold pieces.

Inventory:

Hand Weapons
 a - a +0 war axe (weapon)
Armour
 c - a +0 buckler (worn)
 o - a +0 crystal plate armour (worn)
 p - a +0 pair of boots (worn)
 q - a +0 helmet (worn)
 u - a +0 pair of gloves (worn)
Jewellery
 s - an amulet of faith (around neck)
 t - a +6 ring of strength (left hand)
 v - the ring of Moer {Ice *Corrode Will+++ MP-9 Int+9}
   (You found it on level 4 of the Dungeon)

   [ring of ice]

   Ice:       It enhances your ice magic.
   Int+9:     It affects your intelligence (+9).
   rF-:       It makes you vulnerable to fire.
   rC+:       It protects you from cold.
   Will+++:   It greatly increases your willpower.
   MP-9:      It affects your magic capacity (-9).
   *Corrode:  It may corrode you when you take damage.
Wands
 j - a wand of charming (13)
Scrolls
 b - a scroll of enchant weapon {unknown}
 e - 2 scrolls of teleportation {unknown}
 f - a scroll of fog {unknown}
 k - a scroll of fear {unknown}
 l - a scroll of vulnerability {unknown}
 m - a scroll of brand weapon {unknown}
Potions
 g - a potion of enlightenment {unknown}
 h - a potion of heal wounds {unknown}
 i - a potion of curing {unknown}
 n - a potion of degeneration {unknown}
 r - a potion of attraction {unknown}


   Skills:
 + Level 4.2 Fighting
 + Level 4.1 Axes
 + Level 4.1 Armour
 + Level 0.7 Dodging
 + Level 0.1 Stealth
 + Level 3.5 Shields


You had 3 spell levels left.
You didn't know any spells.
Your spell library contained the following spells:

 Spells                   Type           Power      Damage    Failure   Level
 Kiss of Death            Conj/Necr      0%         2d5       100%        1
 Sandblast                Erth           0%         2d4       100%        1
 Blink                    Tloc           0%         N/A       100%        2
 Lesser Beckoning         Tloc           0%         N/A       100%        2
 Passwall                 Tmut/Erth      0%         N/A       100%        2
 Call Canine Familiar     Summ           0%         N/A       100%        3
 Confusing Touch          Hex            0%         N/A       100%        3
 Gell's Gravitas          Tloc           0%         N/A       100%        3
 Sigil of Binding         Hex            0%         N/A       100%        3
 Stone Arrow              Conj/Erth      0%         3d7       100%        3
 Teleport Other           Tloc           0%         N/A       100%        3
 Dimensional Bullseye     Hex/Tloc       0%         N/A       100%        4
 Dispel Undead            Necr           0%         3d6       100%        4
 Leda's Liquefaction      Hex/Erth       0%         N/A       100%        4
 Manifold Assault         Tloc           0%         N/A       100%        4


Dungeon Overview and Level Annotations

Branches:
Dungeon (4/15)
 Temple: D:4-7

Altars:
Dithmenos

Annotations:
D:4 Edmund, Ijyb


Message History

You hit Edmund.
Edmund is heavily wounded.
Edmund hits you with a +6 flail of protection.
You closely miss Edmund.
Edmund is heavily wounded.
You block Edmund's attack. Edmund barely misses you.
Ijyb hits you but does no damage.
You barely miss Edmund.
Edmund is heavily wounded.
You hit Ijyb but do no damage. Edmund hits you but does no damage.
Ijyb completely misses you.
You hit Edmund.
Edmund is severely wounded.
You hit Ijyb but do no damage. Ijyb barely misses you.
You block Edmund's attack.
You barely miss Edmund.
Edmund is severely wounded.
You hit Ijyb but do no damage.
Edmund hits you with a +6 flail of protection.
Ijyb hits you but does no damage.
Edmund hits you with a +6 flail of protection.
Ijyb hits you but does no damage.
You feel very mighty all of a sudden. Edmund hits you but does no damage.
You block Ijyb's attack.
You barely miss Edmund.
Edmund is severely wounded.
You closely miss Ijyb.
Edmund hits you with a +6 flail of protection!
Ijyb hits you with a +0 club.
You barely miss Edmund.
Edmund is severely wounded.
You barely miss Ijyb. Ijyb hits you but does no damage.
Edmund hits you with a +6 flail of protection!
* * * LOW HITPOINT WARNING * * *
You slash Edmund!
Edmund is almost dead.
You closely miss Ijyb.
Edmund hits you with a +6 flail of protection.
You die...
Edmund says, "I'd like to see a scythe do that!"

#....##
####...##
##.....##
#.......###
##..#.....###
##.........#
##....##..##
###.####..##
#.. ##.@# ...
##g@......
#.# ##.......
#. .......
....../
.....!.
.......
.......


You could see Edmund and Ijyb.

Vanquished Creatures
  An iguana (D:3)
  An adder (D:2)
  A dart slug (D:2)
  An orc (D:3)
  2 ball pythons (D:1)
  6 endoplasms
  8 goblins
  8 hobgoblins
  2 quokkas
  4 bats
  3 frilled lizards
  3 kobolds (D:1)
  6 rats
46 creatures vanquished.

Notes
Turn   | Place    | Note
-------+----------+-------------------------------------------
     0 | D:1      | randomguy2701 the Hill Orc Fighter began the quest for the
                  | Orb.
     0 | D:1      | Reached XP level 1. HP: 19/19 MP: 1/1
   106 | D:1      | Reached XP level 2. HP: 27/27 MP: 2/2
   933 | D:2      | Reached XP level 3. HP: 29/33 MP: 3/3
  1524 | D:2      | Found a faded altar of an unknown god.
  1977 | D:3      | Reached XP level 4. HP: 21/40 MP: 4/4
  2056 | D:3      | Found a shadowy altar of Dithmenos.
  2753 | D:4      | Identified the ring of Moer {Ice *Corrode Will+++ MP-9
                  | Int+9}
  2830 | D:4      | Noticed Edmund
  2833 | D:4      | Noticed Ijyb
  2845 | D:4      | Slain by Edmund

Illustrated notes

Levels and vault maps discovered:
D:1:      eino_arrival_cavern_d, layout_basic, st_stairs_1, minmay_tromino_i4
D:2:      layout_loops_cross, ebering_ecumenical_altar_ruins
D:3:      layout_loops_ring, nicolae_dithmenos_the_darkroom
D:4:      layout_layer_cave, mainiacjoe_overflow_catwalk,
          minmay_temple_entry_statues, uniq_ijyb, uniq_edmund,
          uniq_crazy_yiuf_cottage

Skill      XL: |  1  2  3 |
---------------+----------+-----
Axes           | 3 4 |  4.1
Fighting       | 4 |  4.2
Armour         | 4 |  4.1
Dodging        | |  0.7
Stealth        | |  0.1
Shields        | |  3.5

Action                     |  1- 3 |  4- 6 || total
---------------------------+-------+-------++-------
  Melee: War axe           |   100 |    33 ||   133
    Use: Potion            |       |     1 ||     1
 Armour: Scale mail        |    60 |       ||    60
         Crystal plate arm |     8 |    34 ||    42
  Dodge: Dodged            |    35 |     7 ||    42
  Block: Buckler           |    23 |     6 ||    29

Table legend: (Time is in decaauts)
 A = Elapsed time spent in this place.
 B = Non-inter-level travel time spent in this place.
 C = Inter-level travel time spent in this place.
 D = Time resting spent in this place.
 E = Time spent auto-exploring this place.
 F = Levels seen in this place.
 G = Mean time per level.
                   A        B        C        D        E       F      G
               +--------+--------+--------+--------+--------+-----+--------+
         Total |   2893 |   2585 |    308 |      0 |   2195 |   4 |  723.2 |
       Dungeon |   2893 |   2585 |    308 |      0 |   2195 |   4 |  723.2 |
               +--------+--------+--------+--------+--------+-----+--------+

Top non-repeatable levels by time:
     D:1: 1066 daAuts
     D:2: 856 daAuts
     D:3: 841 daAuts
     D:4: 129 daAuts
